 Dungeon Crawl Stone Soup version 0.21.1-1-g345015f (webtiles) character file.

579020 deadestbob the Axe Maniac (level 25, -4/240 HPs)
             Began as a Minotaur Berserker on Jan 27, 2018.
             Was the Champion of Trog.
             Killed from afar by a quicksilver dragon (24 damage)
             ... with a bolt of dispelling energy
             ... on level 5 of the Realm of Zot on Feb 11, 2018.
             The game lasted 13:20:23 (69712 turns).

deadestbob the Axe Maniac (Minotaur Berserker)     Turns: 69712, Time: 13:20:23

Health: -4/240     AC: 28    Str: 38    XL:     25   Next: 87%
Magic:  7/7        EV: 17    Int:  4    God:    Trog [******]
Gold:   1591       SH: 19    Dex: 13    Spells: 24/24 levels left

rFire    + + .     SeeInvis +   m - +5 broad axe (antimagic)
rCold    + + +     Gourm    .   N - +2 shield of Resistance {rF+ rC+ MR+}
rNeg     . . .     Faith    .   Z - +0 gold dragon scales
rPois    +         Spirit   .   J - +0 mask of the Dragon {MR+ Slay+3 SInv}
rElec    +         Reflect  .   S - scarf {repulsion}
rCorr    .         Harm     .   X - +1 pair of gloves of Autotheism {rElec MR+ Str+3}
MR       ++++.     Clarity  +   n - +0 pair of boots
Stlth    ..........             M - amulet of regeneration
HPRegen  0.90/turn              V - ring of protection from cold
MPRegen  0.10/turn              i - +4 ring of strength

@: berserk cooldown, drained, repel missiles
A: retaliatory headbutt, horns 2, blurry vision 1, clarity, no potion heal 1
}: 3/15 runes: serpentine, barnacled, silver
a: Berserk, Trog's Hand, Brothers in Arms, Burn Spellbooks, Renounce Religion


You were on level 5 of the Realm of Zot.
You worshipped Trog.
Trog was exalted by your worship.
You were not hungry.

You visited 9 branches of the dungeon, and saw 47 of its levels.
You visited the Abyss 1 time.
You also visited: Ice Cave and Volcano.

You collected 5038 gold pieces.
You spent 3447 gold pieces at shops.

Inventory:

Hand Weapons
 m - a +5 antimagic broad axe (weapon)
 E - a +6 vampiric battleaxe
 G - the +6 great sword "Testudinebane" {slice, rN+}
   (Trog gifted it to you in an ice cave)

   It inflicts extra damage upon your enemies.
   It protects you from negative energy.
 K - the +7 broad axe "Duxzieph" {flame, +Inv}
   (Trog gifted it to you on level 2 of the Orcish Mines)

   It has been specially enchanted to burn those struck by it, causing extra
   injury to most foes and up to half again as much damage against particularly
   susceptible opponents.
   Big, fiery blades are also staple armaments of hydra-hunters.
   It lets you turn invisible.
 T - a +5 antimagic executioner's axe
 W - a +1 morningstar of draining
Missiles
 v - 10 poisoned javelins (quivered)
Armour
 j - a scarf of cloud immunity
 l - a +7 plate armour of poison resistance
 n - a +0 pair of boots (worn)
 J - the +0 mask of the Dragon (worn) {MR+ Slay+3 SInv}
   (You found it on level 7 of the Dungeon)

   It affects your accuracy and damage with ranged weapons and melee attacks
   (+3).
   It affects your resistance to hostile enchantments.
   It lets you see invisible.
 N - the +2 shield of Resistance (worn) {rF+ rC+ MR+}
   (You acquired it on level 1 of the Depths)

   It protects you from fire.
   It protects you from cold.
   It affects your resistance to hostile enchantments.
 S - a scarf of repulsion (worn)
 X - the +1 pair of gloves of Autotheism (worn) {rElec MR+ Str+3}
   (You found it on level 4 of the Lair of Beasts)

   It affects your strength (+3).
   It insulates you from electricity.
   It affects your resistance to hostile enchantments.
 Y - +0 ice dragon scales
 Z - +0 gold dragon scales (worn)
Jewellery
 e - an uncursed ring of poison resistance
 i - a +4 ring of strength (right hand)
 M - an amulet of regeneration (around neck)
 O - an uncursed ring of resist corrosion
 R - a +4 ring of evasion
 V - a ring of protection from cold (left hand)
Wands
 a - a wand of digging (16)
 k - a wand of paralysis (54)
 o - a wand of flame (30)
 z - a wand of iceblast (33)
 C - a wand of polymorph (40)
 F - a wand of acid (17)
Scrolls
 d - 5 scrolls of identify
 f - 22 scrolls of teleportation
 g - 13 scrolls of fear
 p - a scroll of magic mapping
 q - 16 scrolls of remove curse
 w - 3 scrolls of blinking
 P - a scroll of summoning
 U - 6 scrolls of fog
Potions
 b - 2 potions of agility
 h - 3 potions of haste
 r - a potion of resistance
 s - 6 potions of cancellation
 t - 2 potions of berserk rage
 x - a potion of invisibility
 A - 2 potions of might
 B - 9 potions of curing
 I - a potion of heal wounds
 Q - 9 potions of mutation
Miscellaneous
 u - a fan of gales
 y - a box of beasts
 D - 2 phantom mirrors
 H - a lamp of fire
 L - a lightning rod (4/4)
Comestibles
 c - 50 rations


   Skills:
 + Level 22.5(22.3) Fighting
 - Level 16.8(16.7) Long Blades
 O Level 27(26.8) Axes
 - Level 11.2(11.1) Throwing
 + Level 21.3(21.1) Armour
 - Level 18.3(18.2) Dodging
 + Level 19.8(19.7) Shields


You had 24 spell levels left.
You didn't know any spells.

Dungeon Overview and Level Annotations

Branches:
Dungeon (15/15)            Temple (0/1) D:4            Lair (6/6) D:10
 Shoals (4/4) Lair:2        Snake (4/4) Lair:4        Slime (0/5) Lair:6
    Orc (2/2) D:9             Elf (1/3) Orc:2        Vaults (5/5) D:13
  Crypt (0/3) Vaults:3     Depths (5/5) D:15            Zot (5/5) Depths:5

Altars:
Ashenzari
Cheibriados
Dithmenos
Fedhas
Gozag
Kikubaaqudgha
Qazlal
Ru
Trog
Uskayaw
Vehumet
Wu Jian
Zin
The Shining One
Beogh
Jiyva
Lugonu

Shops:
D:5 [   D:12 [!   D:13 *   Orc:2 ?=:[   Snake:2 !   Snake:4 *(?(?   Depths:5 *

Portals:
Hell: Depths:1 Depths:2 Depths:3 Depths:4 Depths:5
Abyss: Depths:1 Depths:4 Depths:5
Pandemonium: Depths:3 Depths:4 Depths:5
Ziggurat: Depths:5

Annotations:
D:12 dropped cloak
Lair:4 exclusion: oklob plant
Lair:6 exclusion: 2 oklob plants
Shoals:4 exclusion: oklob plant
Vaults:5 boots dogma
Depths:3 1 runed door
Depths:5 phial of flood
Zot:5 exclusion: obsidian statue


Innate Abilities, Weirdness & Mutations

You reflexively headbutt those who attack you in melee.
You have a pair of horns on your head.
Scrolls take you a little longer to read.
You possess an exceptional clarity of mind.
Potions are less effective at restoring your health.


Message History

Your system partially rejects the healing.
You feel much better. You block the death cob's attack.
The quicksilver dragon breathes dispelling energy at you.
The bolt of dispelling energy is repelled.
You block the death cob's attack. You block the death cob's attack. x2
You block the quicksilver dragon's attack.
The quicksilver dragon claws you but does no damage.
You block the death cob's attack. You block the death cob's attack.
The death cob hits you!!
* * * LOW HITPOINT WARNING * * *
The quicksilver dragon bites you!
* * * LOW HITPOINT WARNING * * *
The quicksilver dragon claws you!
* * * LOW HITPOINT WARNING * * *
You block the death cob's attack.
The death cob hits you but does no damage. x2
The quicksilver dragon breathes dispelling energy at you.
The bolt of dispelling energy hits you!
You die...

,,,,,,+,,,,,,+.,,#.....#.....#,,,
,,,,,,*,,,,,,#...#.....#.....#,,,
*,,,,,*,,,,,,#...##....#.....#,,,
*******,,,,,,#...##....#.....#,,,
* **######.........#.....#,,, *
*,...............#.....+,,, *
*,.....(.........)..(..#,,, *
*,.........D.....#.....#,,, *
*,.......<@z.....#...).#,,,
********#######▓▓▓▓########.#####
,,,,,,,,,,,,,,** #..../........
,,,,,,,,.......## ##............
,,,,,,,.........## #..^.........
,,,,,,...........# ##...........
,,,,,....^.......# #...........
,,,,,............# ##......^....
,,,,,............# #............


You could see a death cob and a quicksilver dragon.

Vanquished Creatures
  2 orbs of fire
  Mennas (Depths:4)
  4 ancient liches
  Saint Roka (Vaults:5)
  A curse toe (Zot:3)
  A caustic shrike (Depths:4)
  4 golden dragons
  A bone dragon (Abyss:2)
  2 electric golems
  Rupert (D:12)
  18 tentacled monstrosities
  4 liches
  10 Orb Guardians (Zot:5)
  8 quicksilver dragons
  4 titans
  An acid blob (Depths:2)
  A kraken (Shoals:3)
  5 tengu reavers
  9 death cobs
  Kirke (D:14)
  2 draconian monks
  5 storm dragons
  Frances (D:12)
  2 sphinxes
  16 shadow dragons
  9 nagarajas
  3 azure jellies (Depths:2)
  6 frost giants
  7 draconian knights
  11 draconian scorchers
  9 fire giants
  Aizul (Snake:1)
  11 vault wardens
  A ghost moth (Zot:3)
  Louise (Shoals:2)
  2 deep elf sorcerers
  The ghost of Vorshek the Thaumaturge, a journeyman GnWr of Okawaru (Shoals:2)
  7 draconian stormcallers
  6 draconian shifters
  A cacodemon (Depths:5)
  8 draconian annihilators
  4 spriggan defenders
  3 war gargoyles
  17 ironheart preservers
  10 very ugly things
  An entropy weaver (shapeshifter) (Vaults:5)
  An entropy weaver (Vaults:5)
  21 stone giants
  A vampire knight (Depths:3)
  The ghost of Paps the Peltast, a journeyman GrFi of Gozag (Orc:2)
  10 green draconians
  2 deep elf annihilators
  Nessos (Lair:5)
  6 deep elf demonologists
  11 yellow draconians
  10 purple draconians
  14 white draconians
  12 black draconians
  Azrael (D:12)
  13 red draconians
  12 ettins
  3 merfolk javelineers
  2 death oozes (Depths:2)
  10 yaktaur captains
  5 merfolk impalers
  2 deep elf death magi (Vaults:5)
  11 fire dragons
  5 deep elf high priests
  6 great orbs of eyes
  A hell beast (Depths:4)
  8 ice dragons
  22 naga warriors
  3 rakshasas
  27 vault guards
  Erica (D:9)
  13 centaur warriors
  An anaconda (shapeshifter) (Depths:5)
  11 anacondas
  3 merfolk avatars
  3 spriggan air magi
  12 ogre magi
  A catoblepas (D:14)
  14 hydras
  4 death knights
  2 tengu warriors
  2 merfolk aquamancers (Shoals:4)
  12 deep troll shamans
  2 satyrs
  3 dancing weapons (Elf:1)
  32 two-headed ogres
  11 deep troll earth magi
  5 orc high priests
  A soul eater (Depths:4)
  2 thrashing horrors (Abyss:2)
  4 deep elf knights
  2 vampire magi
  9 shock serpents
  2 spriggan berserkers
  10 naga sharpshooters
  4 salamander mystics
  A wretched star (Abyss:2)
  11 skeletal warriors
  4 sea snakes
  4 glowing orange brains
  31 deep trolls
  3 unseen horrors
  A gelid demonspawn (Depths:5)
  7 iron trolls
  A sea snake (shapeshifter) (Depths:5)
  A deep troll (shapeshifter) (Vaults:4)
  4 deep elf archers
  3 flayed ghosts
  A lindwurm (Depths:4)
  A phantasmal warrior (Vaults:4)
  6 naga ritualists
  5 wizards
  15 ironbrand convokers
  16 orc knights
  3 wolf spiders
  19 mana vipers
  3 necromancers
  51 ugly things
  7 cyclopes
  5 orc sorcerers
  3 harpies
  A shining eye (Depths:2)
  19 deep elf magi
  18 salamanders
  12 manticores
  A black mamba (shapeshifter) (Vaults:4)
  15 fauns
  2 guardian serpents (shapeshifter)
  22 moths of wrath
  5 water nymphs
  15 vault sentinels
  8 elephants
  3 merfolk sirens
  A rust devil (Depths:4)
  2 ice statues (IceCv)
  4 guardian serpents
  24 naga magi
  2 orange demons (Depths:5)
  2 gargoyles
  43 black mambas
  A smoke demon (Depths:5)
  5 komodo dragons
  23 spiny frogs
  51 yaktaurs
  4 rime drakes
  A rime drake (shapeshifter) (Vaults:2)
  2 freezing wraiths
  6 ice devils (IceCv)
  A wind drake (shapeshifter) (Elf:1)
  6 trolls
  4 wind drakes
  6 tengu conjurers
  7 hornets
  4 polar bears
  A wolf spider simulacrum (D:15)
  3 red devils (Depths:4)
  Prince Ribbit (D:8)
  5 tyrant leeches (Lair:6)
  6 dream sheep
  28 blink frogs
  9 hippogriffs
  16 merfolk
  A hippogriff (shapeshifter) (Depths:2)
  A raiju (Abyss:2)
  A harpy skeleton (D:15)
  34 slime creatures
  10 snapping turtles
  8 air elementals
  4 wraiths
  A wyvern (Lair:6)
  A water elemental (Shoals:3)
  5 spriggans
  52 yaks
  2 hogs (D:14)
  2 fire elementals (Volcano)
  4 basilisks
  A chaos spawn (Abyss:2)
  A small abomination (Abyss:2)
  A hungry ghost (D:15)
  6 vampire mosquitoes (Lair:6)
  A large abomination (Abyss:2)
  8 wargs
  71 nagas
  13 water moccasins
  3 acid dragons
  A water moccasin (shapeshifter) (Vaults:1)
  7 porcupines
  5 hell hounds (D:12)
  30 orc warriors
  2 floating eyes (shapeshifter)
  4 ice beasts
  5 phantoms
  2 swamp drakes (Depths:4)
  6 black bears
  5 necrophages
  3 sky beasts
  An eye of draining (D:14)
  30 ogres
  16 wolves
  13 boggarts
  22 centaurs
  11 crocodiles
  2 earth elementals (Volcano)
  25 bullfrogs
  A wyvern skeleton (D:14)
  A hornet simulacrum (D:15)
  7 scorpions
  6 killer bees (D:9)
  A human simulacrum (Vaults:1)
  12 wights
  7 howler monkeys
  2 electric eels
  7 crimson imps
  2 centaur zombies
  8 hounds
  4 quasits
  3 bullfrog zombies
  20 orc priests
  4 bullfrog skeletons
  7 centaur skeletons
  An iron imp (Depths:4)
  5 jellies
  7 hell rats (Lair:3)
  3 iguanas
  22 orc wizards
  8 worker ants
  3 troll simulacra (IceCv)
  A centaur simulacrum (IceCv)
  A hound skeleton (D:9)
  4 worker ant zombies
  18 gnolls
  2 howler monkey skeletons
  10 adders
  4 ogre simulacra (IceCv)
  2 naga simulacra (IceCv)
  8 shadow imps
  4 white imps
  An ufetubus (Depths:4)
  An ooze (D:1)
  An adder skeleton (D:8)
  2 adder zombies
  3 worms
  4 dart slugs
  The ghost of p0werm0de the Digger, a weakling VSEE (D:3)
  9 leopard geckos
  87 orcs
  8 bats
  3 giant cockroaches
  8 hobgoblins
  7 jackals
  6 quokkas
  A ball python (D:1)
  2 frilled lizards
  5 goblins
  A jackal skeleton (D:6)
  12 kobolds
  A quokka zombie (D:8)
  8 rats
  A bush (D:9)
  A butterfly (D:4)
  A fungus (Lair:6)
  12 plants
  4 tentacles (Shoals:3)
2012 creatures vanquished.

Vanquished Creatures (collateral kills)
  A golden dragon (Vaults:5)
  A lich (Vaults:5)
  A shadow dragon (Vaults:5)
  A storm dragon (Vaults:5)
  An ironheart preserver (Vaults:5)
  A merfolk javelineer (Shoals:3)
  A merfolk aquamancer (Shoals:4)
  A cyclops (Shoals:3)
  A naga (Snake:3)
9 creatures vanquished.

Vanquished Creatures (others)
  A stone giant (Vaults:4)
  A deep elf annihilator (Vaults:1)
  2 ettins
  A great orb of eyes (Abyss:2)
  A spriggan air mage (Depths:2)
  A wizard (Depths:4)
  A moth of wrath (Zot:5)
  A water moccasin (shapeshifter) (Depths:1)
  An orc warrior (Vaults:5)
  An ogre (Vaults:4)
  2 ufetubi (Depths:5)
  An orc (Elf:1)
  A bush (D:9)
  7 fungi
  26 plants
  13 tentacles (Shoals:3)
61 creatures vanquished.

Grand Total: 2082 creatures vanquished

Notes
Turn   | Place    | Note
-------+----------+-------------------------------------------
     0 | D:1      | deadestbob the Minotaur Berserker began the quest for the Orb.
     0 | D:1      | Reached XP level 1. HP: 19/19 MP: 0/0
    26 | D:1      | Reached XP level 2. HP: 23/27 MP: 1/1
   377 | D:1      | Reached skill level 4 in Axes
   446 | D:1      | Reached ** piety under Trog
   575 | D:1      | Reached XP level 3. HP: 33/33 MP: 2/2
  1015 | D:2      | Reached XP level 4. HP: 40/41 MP: 3/3
  2045 | D:3      | Found an ancient bone altar of Kikubaaqudgha.
  2194 | D:3      | Found a sacrificial altar of Ru.
  2378 | D:3      | Found a faded altar of an unknown god.
  2658 | D:3      | Noticed a sky beast
  2672 | D:3      | Killed a sky beast
  2672 | D:3      | Reached XP level 5. HP: 25/47 MP: 4/4
  2812 | D:3      | Noticed p0werm0de's ghost (weakling VSEE)
  2822 | D:3      | Killed p0werm0de's ghost
  3000 | D:4      | Reached skill level 5 in Axes
  3130 | D:4      | Found a staircase to the Ecumenical Temple.
  3136 | D:4      | Reached skill level 5 in Fighting
  3395 | D:4      | Reached *** piety under Trog
  3406 | D:4      | Reached XP level 6. HP: 48/56 MP: 5/5
  3636 | D:5      | Entered Level 5 of the Dungeon
  3897 | D:5      | Found Vuiz's Armour Shop.
  3969 | D:5      | Reached skill level 5 in Armour
  3969 | D:5      | Reached XP level 7. HP: 60/62 MP: 6/6
  4397 | D:6      | Found a shattered altar of Ashenzari.
  4444 | D:6      | Reached skill level 6 in Axes
  4484 | D:6      | Reached skill level 5 in Dodging
  4629 | D:6      | Reached XP level 8. HP: 70/70 MP: 7/7
  4698 | D:6      | Found an opulent altar of Gozag.
  5224 | D:6      | Reached skill level 7 in Axes
  5235 | D:6      | Reached **** piety under Trog
  5609 | D:7      | Found a radiant altar of Vehumet.
  5878 | D:7      | Found a shadowy altar of Dithmenos.
  6010 | D:7      | You fall through a shaft for 2 floors!
  6013 | D:9      | Noticed a hippogriff
  6030 | D:9      | Killed a hippogriff
  6030 | D:9      | Reached XP level 9. HP: 63/82 MP: 8/8
  6602 | D:7      | Reached skill level 8 in Axes
  6850 | D:7      | Found the +0 mask of the Dragon {MR+ Slay+3 SInv}
  7048 | D:7      | Found a snail-covered altar of Cheibriados.
  7446 | D:8      | Reached skill level 10 in Fighting
  7446 | D:8      | Reached skill level 1 in Shields
  7500 | D:8      | Found a bloodstained altar of Trog.
  7713 | D:8      | Found an ornate altar of the Wu Jian Council.
  7713 | D:8      | Found a hide-covered altar of Uskayaw.
  7788 | D:8      | Noticed Prince Ribbit
  7796 | D:8      | Found a glowing golden altar of the Shining One.
  7799 | D:8      | Killed Prince Ribbit
  7799 | D:8      | Reached skill level 9 in Axes
  8129 | D:9      | Noticed Erica
  8144 | D:9      | Killed Erica
  8144 | D:9      | Reached XP level 10. HP: 93/93 MP: 9/9
  8218 | D:9      | Found a staircase to the Orcish Mines.
  8275 | D:9      | Found a blossoming altar of Fedhas.
  8752 | D:9      | Found a roughly hewn altar of Beogh.
  8950 | D:9      | Reached skill level 10 in Axes
  9134 | D:9      | Found a stormy altar of Qazlal.
  9355 | D:10     | Entered Level 10 of the Dungeon
  9360 | D:10     | Reached ***** piety under Trog
  9782 | D:10     | Found the thick robe
 10012 | D:10     | Noticed a gargoyle
 10031 | D:10     | Killed a gargoyle
 10120 | D:10     | Found a staircase to the Lair.
 10223 | D:10     | Reached skill level 11 in Axes
 10235 | D:10     | Reached skill level 5 in Shields
 10542 | Lair:1   | Entered Level 1 of the Lair of Beasts
 10556 | Lair:1   | Reached skill level 1 in Long Blades
 10582 | Lair:1   | Noticed a six-headed hydra
 10582 | Lair:1   | Noticed a six-headed hydra
 10600 | D:10     | Killed a two-headed hydra
 10600 | D:10     | Reached XP level 11. HP: 46/103 MP: 10/10
 11181 | D:10     | Killed a three-headed hydra
 11181 | D:10     | Reached skill level 5 in Long Blades
 11369 | D:10     | Received a gift from Trog
 11459 | Lair:1   | Noticed an eight-headed hydra
 11473 | Lair:1   | Killed a six-headed hydra
 11511 | Lair:1   | Noticed a four-headed hydra
 11520 | Lair:1   | Killed a one-headed hydra
 12159 | Lair:1   | Received a gift from Trog
 12479 | Lair:2   | Got a jewelled leather armour
 12490 | Lair:2   | Identified the +6 leather armour of Precision Catastrophes {rPois} (You found it on level 2 of the Lair of Beasts)
 12590 | Lair:2   | Found a staircase to the Shoals.
 12747 | Lair:2   | Found a dark tunnel.
 12756 | Volcano  | Entered a volcano
 12977 | Volcano  | Noticed a lindwurm
 12977 | Volcano  | Noticed a lindwurm
 13068 | Lair:2   | Noticed a six-headed hydra
 13101 | Lair:2   | Killed a three-headed hydra
 13101 | Lair:2   | Reached skill level 10 in Long Blades
 13101 | Lair:2   | Reached XP level 12. HP: 87/116 MP: 11/11
 13784 | Lair:3   | Received a gift from Trog
 14396 | Lair:3   | Noticed a four-headed hydra
 14414 | Lair:3   | Killed a one-headed hydra
 14590 | Lair:3   | Upgraded the game from 0.21.0-25-ge575cb9 to 0.21.0-26-g889b8f6
 15000 | Lair:4   | Got a pair of scorched gloves
 15021 | Lair:4   | Identified the +1 pair of gloves of Autotheism {rElec MR+ Str+3} (You found it on level 4 of the Lair of Beasts)
 15130 | Lair:4   | Found a staircase to the Snake Pit.
 15182 | Lair:4   | Noticed a four-headed hydra
 15196 | Lair:4   | Killed a one-headed hydra
 15254 | Lair:4   | Noticed a four-headed hydra
 15270 | Lair:4   | Killed a one-headed hydra
 15681 | Lair:5   | Noticed Nessos
 15985 | Lair:5   | Killed Nessos
 16001 | Lair:4   | Reached skill level 15 in Fighting
 16060 | Lair:4   | Reached XP level 13. HP: 108/126 MP: 12/12
 17271 | Lair:6   | Entered Level 6 of the Lair of Beasts
 17345 | Lair:6   | Received a gift from Trog
 17355 | Lair:6   | Reached skill level 15 in Long Blades
 18057 | Lair:6   | Found a staircase to the Slime Pits.
 18295 | Lair:6   | Reached XP level 14. HP: 138/138 MP: 13/13
 19106 | Orc:1    | Entered Level 1 of the Orcish Mines
 19142 | Orc:1    | Found a frozen archway.
 19177 | IceCv    | Entered an ice cave
 19572 | IceCv    | Received a gift from Trog
 19575 | IceCv    | Got a crude great sword {god gift}
 19576 | IceCv    | Identified the +6 great sword "Testudinebane" {slice, rN+} (Trog gifted it to you in an ice cave)
 19746 | IceCv    | Got a heavily runed cloak
 19757 | IceCv    | Identified the +0 cloak of Valiance {+Fly Dex+4} (You found it in an ice cave)
 20028 | Orc:2    | Entered Level 2 of the Orcish Mines
 20028 | Orc:2    | Noticed Paps's ghost (journeyman GrFi)
 20157 | Orc:2    | Killed Paps's ghost
 20398 | Orc:1    | Reached skill level 12 in Axes
 20401 | Orc:1    | Reached skill level 10 in Armour
 20945 | Orc:2    | Received a gift from Trog
 20947 | Orc:2    | Got a translucent broad axe {god gift}
 21056 | Orc:2    | Found Nuthraud's Jewellery Emporium.
 21056 | Orc:2    | Found Lurphajue's Magic Scroll Boutique.
 21123 | Orc:2    | Identified the +7 broad axe "Duxzieph" {flame, +Inv} (Trog gifted it to you on level 2 of the Orcish Mines)
 21126 | Orc:2    | Found Ethres's Antique Armour Emporium.
 21126 | Orc:2    | Found Nethreesch's Book Boutique.
 21151 | Orc:2    | Bought a scroll of blinking for 112 gold pieces
 21157 | Orc:2    | Bought a +3 amulet of reflection for 188 gold pieces
 21333 | Orc:2    | Found a staircase to the Elven Halls.
 21559 | Elf:1    | Entered Level 1 of the Elven Halls
 21571 | Elf:1    | Reached skill level 13 in Axes
 21966 | Elf:1    | Noticed a Tzitzimitl
 21975 | Elf:1    | Noticed a balrug
 22300 | Orc:1    | Upgraded the game from 0.21.0-26-g889b8f6 to 0.21.0-37-g46506fa
 22718 | D:11     | Received a gift from Trog
 23305 | D:12     | Noticed Rupert
 23314 | D:12     | Killed Rupert
 23454 | D:12     | Noticed Azrael
 23510 | D:12     | Killed Azrael
 23510 | D:12     | Reached XP level 15. HP: 103/147 MP: 14/14
 23637 | D:12     | Reached skill level 14 in Axes
 23878 | D:12     | Found Cusmigel's Antique Armour Emporium.
 23888 | D:12     | Bought a runed plate armour for 754 gold pieces
 24100 | D:12     | Noticed Frances
 24123 | D:12     | Killed Frances
 24552 | D:12     | Found Defud's Distillery.
 24791 | D:13     | Got a pitted scale mail
 24802 | D:13     | Identified the +5 scale mail of Daocwim {Dex+3} (You found it on level 13 of the Dungeon)
 25061 | D:13     | Found Cueneu's Assorted Antiques.
 25210 | D:13     | Reached ****** piety under Trog
 25210 | D:13     | Received a gift from Trog
 25364 | D:13     | Found a gate to the Vaults.
 25761 | D:14     | Reached skill level 1 in Throwing
 26024 | D:14     | Reached skill level 15 in Axes
 26055 | D:14     | Noticed Kirke
 26070 | D:14     | Killed Kirke
 26123 | D:14     | Found a shadowy altar of Dithmenos.
 26133 | D:14     | Found a radiant altar of Vehumet.
 26672 | D:15     | Entered Level 15 of the Dungeon
 26940 | D:15     | Found a staircase to the Depths.
 27197 | D:15     | Reached skill level 5 in Throwing
 27440 | D:15     | Received a gift from Trog
 27497 | D:15     | Found a snail-covered altar of Cheibriados.
 27713 | D:12     | Bought a crude shield for 275 gold pieces
 27719 | D:12     | Identified the +1 shield "Sizo" {-Tele rF- Regen+ Str+9} (You bought it in a shop on level 12 of the Dungeon)
 27723 | D:12     | Bought a shiny chain mail for 217 gold pieces
 28022 | Snake:1  | Entered Level 1 of the Snake Pit
 28142 | Snake:1  | Reached XP level 16. HP: 157/157 MP: 15/15
 28591 | Snake:1  | Noticed Aizul
 28599 | Snake:1  | Killed Aizul
 29096 | Snake:2  | Found Jaror's Distillery.
 29413 | Snake:2  | Reached skill level 10 in Shields
 29476 | Snake:2  | Received a gift from Trog
 30710 | Snake:2  | Received a gift from Trog
 31165 | Snake:3  | Reached XP level 17. HP: 163/163 MP: 5/16
 32754 | Snake:4  | Entered Level 4 of the Snake Pit
 32826 | Snake:4  | Received a gift from Trog
 32955 | Snake:4  | Found Teraor's Magic Scroll Emporium.
 32982 | Snake:4  | Reached skill level 10 in Throwing
 33135 | Snake:4  | Found Sedghe's Magic Scroll Boutique.
 33138 | Snake:4  | Found Eklotanym's Antique Weapon Boutique.
 33451 | Snake:4  | Received a gift from Trog
 33572 | Snake:4  | Reached skill level 15 in Shields
 33673 | Snake:4  | Found Wicuyqex's Assorted Antiques.
 33834 | Snake:4  | Found Pafrapn's Weapon Shop.
 34563 | Snake:4  | Received a gift from Trog
 34704 | Snake:4  | Got a serpentine rune of Zot
 34968 | Shoals:1 | Entered Level 1 of the Shoals
 35327 | Shoals:1 | Cast into level 2 of the Abyss (merfolk)
 35404 | Abyss:2  | Reached XP level 18. HP: 140/171 MP: 17/17
 35408 | Abyss:2  | Reached skill level 16 in Axes
 35468 | Abyss:2  | Noticed a bone dragon
 35500 | Abyss:2  | Noticed a bone dragon
 35509 | Abyss:2  | Killed a bone dragon
 35549 | Shoals:1 | Escaped the Abyss
 35914 | Shoals:2 | Noticed Vorshek's ghost (journeyman GnWr)
 35956 | Shoals:2 | Killed Vorshek's ghost
 36176 | Shoals:2 | Noticed Louise
 36204 | Shoals:2 | Killed Louise
 36310 | Shoals:2 | Received a gift from Trog
 37104 | Shoals:3 | Reached skill level 10 in Dodging
 37429 | Shoals:3 | Reached skill level 17 in Axes
 37564 | Shoals:4 | Entered Level 4 of the Shoals
 37680 | Shoals:4 | Received a gift from Trog
 37754 | Shoals:4 | Found a glowing silver altar of Zin.
 37756 | Shoals:4 | Upgraded the game from 0.21.0-37-g46506fa to 0.21.1
 37795 | Shoals:4 | Got a barnacled rune of Zot
 38155 | Vaults:1 | Entered Level 1 of the Vaults
 38821 | Vaults:1 | Reached skill level 18 in Axes
 38973 | Vaults:1 | Received a gift from Trog
 39253 | Vaults:1 | Reached XP level 19. HP: 178/178 MP: 6/18
 40216 | Vaults:1 | Received a gift from Trog
 40310 | Vaults:1 | Reached skill level 19 in Axes
 40415 | Vaults:1 | Noticed a lich
 40434 | Vaults:1 | Killed a lich
 40479 | Vaults:1 | Got a polished hat
 40490 | Vaults:1 | Identified the cursed +0 hat "Dirchine" {Str+6} (You found it on level 1 of the Vaults)
 40509 | Vaults:1 | Found a radiant altar of Vehumet.
 40777 | Vaults:2 | Received a gift from Trog
 41294 | Vaults:2 | Received a gift from Trog
 42778 | Vaults:3 | Received a gift from Trog
 43360 | Vaults:3 | Found a staircase to the Crypt.
 43692 | Vaults:3 | Reached skill level 20 in Axes
 44062 | Vaults:3 | Reached skill level 15 in Dodging
 44130 | Vaults:3 | Received a gift from Trog
 44140 | Vaults:3 | Reached XP level 20. HP: 187/187 MP: 6/19
 44959 | Vaults:4 | Received a gift from Trog
 45239 | Vaults:4 | Reached skill level 21 in Axes
 45948 | Vaults:4 | Received a gift from Trog
 47420 | Depths:1 | Entered Level 1 of the Depths
 47420 | Depths:1 | Found a one-way gate to the infinite horrors of the Abyss.
 48301 | Depths:1 | Found a gateway to Hell.
 48312 | Depths:1 | Received a gift from Trog
 48312 | Depths:1 | Reached skill level 22 in Axes
 48497 | Depths:1 | Reached XP level 21. HP: 193/193 MP: 6/20
 48529 | Depths:1 | Received a gift from Trog
 49205 | Depths:1 | Identified a scroll of acquirement
 49207 | Depths:1 | Found the +2 shield of Resistance {rF+ rC+ MR+}
 49602 | Depths:2 | Found a transporter.
 50162 | Depths:2 | Found a viscous altar of Jiyva.
 50205 | Depths:2 | Found a transporter.
 50214 | Depths:2 | Received a gift from Trog
 50380 | Depths:2 | Got a slimy flail
 50381 | Depths:2 | Identified the +1 flail of Ynax {crush, Dex+5} (You found it on level 2 of the Depths)
 50781 | Depths:2 | Received a gift from Trog
 51634 | Depths:3 | Found a one-way gate leading to the halls of Pandemonium.
 51666 | Depths:3 | Upgraded the game from 0.21.1 to 0.21.1-1-g345015f
 51725 | Depths:3 | Found a runed door.
 51727 | Depths:3 | Noticed a juggernaut
 52633 | Depths:3 | Received a gift from Trog
 53007 | Depths:3 | Received a gift from Trog
 53009 | Depths:3 | Reached skill level 23 in Axes
 53379 | Depths:4 | Noticed Mennas
 53405 | Depths:4 | Killed Mennas
 53844 | Depths:4 | Found a corrupted altar of Lugonu.
 53959 | Depths:4 | Noticed a caustic shrike
 54029 | Depths:4 | Killed a caustic shrike
 54557 | Depths:4 | Reached XP level 22. HP: 202/202 MP: 7/21
 54853 | Depths:5 | Entered Level 5 of the Depths
 54853 | Depths:5 | Found a gateway to a ziggurat.
 55168 | Depths:4 | Received a gift from Trog
 55567 | Depths:5 | Found a gate to the Realm of Zot.
 55567 | Depths:5 | Noticed a golden dragon
 55701 | Depths:5 | Reached skill level 15 in Armour
 55769 | Depths:5 | Killed a golden dragon
 56049 | Depths:5 | Reached skill level 24 in Axes
 56437 | Depths:5 | Found Piejauk's Changing Room.
 56853 | D:13     | Received a gift from Trog
 56865 | D:13     | Bought a scroll of fear for 112 gold pieces
 56865 | D:13     | Bought a scroll of fog for 64 gold pieces
 56865 | D:13     | Bought a potion of cancellation for 256 gold pieces
 57467 | D:12     | Bought a potion of might for 40 gold pieces
 57467 | D:12     | Bought a potion of haste for 100 gold pieces
 57467 | D:12     | Bought a potion of invisibility for 80 gold pieces
 57689 | Vaults:5 | Entered Level 5 of the Vaults
 57786 | Vaults:4 | Received a gift from Trog
 57935 | Vaults:4 | Received a gift from Trog
 58061 | Vaults:5 | Noticed an ancient lich
 58178 | Vaults:4 | Killed an ancient lich
 58550 | Vaults:5 | Reached XP level 23. HP: 124/213 MP: 7/22
 58850 | Vaults:5 | Noticed Saint Roka
 58871 | Vaults:5 | Killed Saint Roka
 59017 | Vaults:5 | Reached skill level 25 in Axes
 59257 | Vaults:5 | Noticed an ancient lich
 59274 | Vaults:5 | Killed an ancient lich
 59618 | Vaults:4 | Received a gift from Trog
 60108 | Vaults:5 | Received a gift from Trog
 60254 | Vaults:5 | Got a silver rune of Zot
 60428 | Vaults:5 | Received a gift from Trog
 60537 | Vaults:5 | Found the +7 sceptre of Torment
 60544 | Vaults:5 | Got a pair of translucent boots
 60545 | Vaults:5 | Identified the +0 pair of boots of Dogma {+Fly MR- Regen+ Dex+9} (You found it on level 5 of the Vaults)
 61458 | D:12     | Bought a potion of mutation for 80 gold pieces
 62066 | Snake:4  | Bought a potion of might for 108 gold pieces
 62066 | Snake:4  | Bought a potion of mutation for 216 gold pieces
 62066 | Snake:4  | Bought a potion of mutation for 216 gold pieces
 62069 | Snake:4  | Bought a dented emerald amulet for 135 gold pieces
 62495 | Depths:5 | Bought a potion of mutation for 152 gold pieces
 62495 | Depths:5 | Bought a potion of mutation for 152 gold pieces
 62508 | Depths:5 | Bought a wand of polymorph (8) for 190 gold pieces
 62572 | Zot:1    | Entered Level 1 of the Realm of Zot
 63416 | Zot:1    | Reached skill level 26 in Axes
 63416 | Zot:1    | Reached XP level 24. HP: 224/224 MP: 7/22
 64370 | Zot:2    | Received a gift from Trog
 65782 | Zot:2    | Received a gift from Trog
 65990 | Zot:3    | Noticed an orb of fire
 65996 | Zot:3    | Gained mutation: Your magical capacity is low. (-10% MP) [an orb of fire]
 65998 | Zot:2    | Gained mutation: You tend to lose your temper in combat. [an orb of fire]
 66007 | Zot:2    | Gained mutation: You expend magic power (3 MP) to strengthen your wands. [an orb of fire]
 66008 | Zot:2    | Gained mutation: Potions are less effective at restoring your health. [an orb of fire]
 66018 | Zot:2    | Killed an orb of fire
 66151 | Zot:3    | Reached skill level 27 in Axes
 66714 | Zot:3    | Received a gift from Trog
 66929 | Zot:3    | Reached XP level 25. HP: 39/235 MP: 6/19
 68979 | Zot:4    | Noticed an orb of fire
 68991 | Zot:4    | Killed an orb of fire
 69194 | Zot:5    | Entered Level 5 of the Realm of Zot
 69445 | Zot:5    | Noticed an ancient lich
 69457 | Zot:5    | Killed an ancient lich
 69462 | Zot:5    | Lost mutation: Your magical capacity is low. (-10% MP) [potion of mutation]
 69462 | Zot:5    | Lost mutation: You expend magic power (3 MP) to strengthen your wands. [potion of mutation]
 69462 | Zot:5    | Lost mutation: You tend to lose your temper in combat. [potion of mutation]
 69462 | Zot:5    | Gained mutation: Scrolls take you a little longer to read. [potion of mutation]
 69462 | Zot:5    | Gained mutation: You possess an exceptional clarity of mind. [potion of mutation]
 69546 | Zot:5    | Received a gift from Trog
 69627 | Zot:5    | Noticed an ancient lich
 69648 | Zot:5    | Killed an ancient lich
 69712 | Zot:5    | Killed from afar by a quicksilver dragon

Skill      XL: |  1  2  3  4  5  6  7  8  9 10 11 12 13 14 15 16 17 18 19 20 21 22 23 24 25 |
---------------+----------------------------------------------------------------------------+-----
Axes           | 4 5 6 7 9 11 13 15 18 20 22 23 24 26 27 | 27.0
Fighting       | 4 5 6 9 10 12 13 15 16 17 18 19 20 21 22 | 22.5
Armour         | 3 4 5 7 8 9 11 12 14 16 18 19 21 | 21.3
Dodging        | 3 4 5 6 7 8 12 15 17 18 | 18.3
Shields        | 2 5 12 16 18 19 | 19.8
Long Blades    | 3 10 13 16 | 16.8
Throwing       | 5 9 11 | 11.2

Action                   |  1- 3 |  4- 6 |  7- 9 | 10-12 | 13-15 | 16-18 | 19-21 | 22-24 | 25-27 || total
-------------------------+-------+-------+-------+-------+-------+-------+-------+-------+-------++-------
Melee: Hand axe          |    89 |   119 |   178 |       |       |       |       |       |       ||   386
       Headbutt          |     8 |    26 |    70 |   128 |   245 |   352 |   390 |   433 |   137 ||  1789
       War axe           |       |       |    67 |   217 |       |       |       |       |       ||   284
       Scimitar          |       |       |       |   263 |   320 |       |       |       |       ||   583
       Morningstar       |       |       |       |    13 |       |       |       |       |       ||    13
       Battleaxe         |       |       |       |       |   462 |    57 |       |       |       ||   519
       Executioner's axe |       |       |       |       |   192 |   109 |  1012 |       |       ||  1313
       Broad axe         |       |       |       |       |     8 |   880 |   143 |  1190 |   368 ||  2589
Throw: Javelin           |       |       |       |       |    16 |   225 |   208 |   258 |    53 ||   760
Invok: Berserk           |     1 |     1 |     6 |     8 |     9 |     3 |    11 |    25 |     3 ||    67
       Burn Spellbooks   |       |       |     3 |     1 |       |     2 |     7 |     1 |       ||    14
       Trog's Hand       |       |       |     1 |     1 |     4 |     1 |       |       |       ||     7
       Brothers in Arms  |       |       |       |     1 |       |     2 |       |     1 |     1 ||     5
 Abil: Evoke Flight      |       |       |       |       |       |     2 |       |       |       ||     2
Evoke: Wand              |       |       |     2 |    12 |     7 |     8 |     2 |     5 |     1 ||    37
       Sack of spiders   |       |       |       |       |       |     2 |       |       |       ||     2
       Lightning rod     |       |       |       |       |       |     6 |     2 |     1 |       ||     9
       Lamp of fire      |       |       |       |       |       |     1 |     1 |       |       ||     2
  Use: Scroll            |       |     8 |     6 |     7 |    18 |    14 |    11 |    16 |     3 ||    83
       Potion            |       |       |     1 |     6 |     4 |     4 |     2 |    12 |     7 ||    36
 Stab: Paralysed         |       |       |       |     1 |       |       |       |       |       ||     1
       Distracted        |       |       |       |       |     1 |     1 |     1 |       |       ||     3
       Confused          |       |       |       |       |       |       |     1 |     1 |     3 ||     5
  Eat: Chunk             |       |     8 |    10 |    12 |    32 |    14 |    28 |    29 |       ||   133
       Ration            |       |     1 |     3 |     6 |     6 |     9 |     9 |    11 |     3 ||    48
Armor: Animal skin       |    16 |     2 |       |       |       |       |       |       |       ||    18
       Ring mail         |       |    25 |    34 |       |       |       |       |       |       ||    59
       Scale mail        |       |       |    20 |       |       |       |       |       |       ||    20
       Plate armour      |       |       |    46 |   248 |   507 |   257 |   371 |   252 |       ||  1681
       Gold dragon scale |       |       |       |       |       |       |       |   118 |   108 ||   226
Dodge: Dodged            |    70 |    67 |   110 |   162 |   482 |   450 |   826 |   664 |   136 ||  2967
       Deflected         |       |       |       |       |     8 |    85 |    72 |    49 |     7 ||   221
Block: Shield            |       |       |    21 |   233 |   137 |   664 |   106 |   891 |   252 ||  2304
       Rpst.: Scimitar   |       |       |       |    26 |    22 |       |       |       |       ||    48
